 Dungeon Crawl Stone Soup version 0.26-a0-64-g059e62fbdb (webtiles) character file.

Game seed: 236943107677279122

12181 Apogee the Slinger (level 12, -4/87 HPs)
             Began as a Halfling Hunter on June 11, 2020.
             Was a High Priest of Okawaru.
             Hit by a large rock thrown by a cyclops (15 damage)
             ... on level 11 of the Dungeon.
             The game lasted 00:45:10 (14086 turns).

Apogee the Slinger (Halfling Hunter)               Turns: 14086, Time: 00:45:11

Health: -4/87      AC: 18    Str: 13    XL:     12   Next: 17%
Magic:  15/15      EV: 20    Int:  5    God:    Okawaru [*****.]
Gold:   652        SH:  0    Dex: 28    Spells: 11/11 levels left

rFire    + . .     SeeInvis .   b - +6 dagger "Gyosh" {elec, *Noise rF+ Int-4 Dex+8}
rCold    + . .     Gourm    .   (shield restricted)
rNeg     . . .     Faith    .   C - +2 scale mail {rC+}
rPois    +         Spirit   .   s - +2 helmet
rElec    .         Reflect  .   w - +2 cloak
rCorr    .         Harm     .   (no gloves)
MR       .....                  R - +0 pair of boots
Stlth    ++........             (no amulet)
HPRegen  0.24/turn              v - ring of poison resistance
MPRegen  0.14/turn              (no ring)

@: no status effects
A: small, mutation resistance 1
a: Heroism, Finesse, Renounce Religion


You were on level 11 of the Dungeon.
You worshipped Okawaru.
Okawaru was extremely pleased with you.
You were not hungry.

You visited 2 branches of the dungeon, and saw 13 of its levels.

You collected 652 gold pieces.

Inventory:

Hand Weapons
 a - a +1 hunting sling
 b - the +6 dagger "Gyosh" (weapon) {elec, *Noise rF+ Int-4 Dex+8}
   (You found it on level 6 of the Dungeon)

   Occasionally, upon striking a foe, it will discharge some electrical energy
   and cause terrible harm.
   It affects your intelligence (-4).
   It affects your dexterity (+8).
   It protects you from fire.
   It may make noises in combat.
 i - the +9 long sword of the Baking Gnat {vorpal, rElec}
   (You found it on level 10 of the Dungeon)

   It inflicts extra damage upon your enemies.
   It insulates you from electricity.
 t - a +0 war axe
 D - a +1 short sword of protection
 G - a +3 dagger of chaos
 K - a +1 dagger of venom
Missiles
 d - 116 sling bullets
 m - 188 stones
 p - 20 poisoned darts (quivered)
 y - a throwing net
 z - a curare-tipped dart
 B - 2 atropa-tipped darts
Armour
 e - a +2 chain mail of cold resistance
 g - a +0 robe of resistance
 q - a +1 scale mail
 s - a +2 helmet (worn)
 w - a +2 cloak (worn)
 C - a +2 scale mail of cold resistance (worn)
 I - a +2 robe of fire resistance
 R - a +0 pair of boots (worn)
Jewellery
 v - a ring of poison resistance (left hand)
 L - an uncursed ring of magical power {unknown}
 S - an uncursed amulet of the acrobat
Wands
 H - a wand of flame (20)
Scrolls
 c - a scroll of fog
 h - 4 scrolls of teleportation
 l - 3 scrolls of remove curse
 n - 8 scrolls of identify
 o - a scroll of fear
 u - 7 scrolls of magic mapping
 F - 3 scrolls of amnesia
 O - a scroll of enchant weapon
 P - 2 scrolls of enchant armour
Potions
 j - a potion of lignification {unknown}
 k - 2 potions of stabbing
 r - a potion of magic {unknown}
 x - 3 potions of curing
 E - 3 potions of heal wounds
 J - a potion of degeneration {unknown}
Comestibles
 f - 15 rations
 A - 12 chunks of flesh


   Skills:
 - Level 10.0 Fighting
 - Level 2.0 Short Blades
 - Level 12.0 Slings
 + Level 9.6 Armour
 + Level 9.6 Dodging
 - Level 4.0 Stealth
 - Level 4.0 Invocations


You had 11 spell levels left.
You didn't know any spells.
Your spell library contained the following spells:

 Spells                   Type           Power        Failure   Level  Hunger
 Beastly Appendage        Tmut           #.....       88%         1    ##.....
 Shock                    Conj/Air       #...         88%         1    ##.....
 Poisonous Vapours        Pois/Air       #.....       96%         2    ###....
 Sticks to Snakes         Tmut           #.......     96%         2    ###....
 Swiftness                Chrm/Air       #.......     96%         2    ###....
 Conjure Flame            Conj/Fire      #.......     99%         3    ####...
 Mephitic Cloud           Conj/Pois/Air  #.......     99%         3    ####...
 Spider Form              Tmut/Pois      #.........   99%         3    ####...
 Static Discharge         Conj/Air       #.......     99%         3    ####...
 Airstrike                Air            #.........   100%        4    #####..
 Ice Form                 Ice/Tmut       #.......     100%        4    #####..
 Blade Hands              Tmut           #.........   100%        5    ######.
 Irradiate                Conj/Tmut      #.........   100%        5    ######.
 Lightning Bolt           Conj/Air       #.........   100%        5    ######.
 Freezing Cloud           Conj/Ice/Air   #.........   100%        6    #######
 Hydra Form               Tmut           #.........   100%        6    #######
 Statue Form              Tmut/Erth      #........    100%        6    #######
 Dragon Form              Tmut           #.........   100%        7    #######
 Ring of Flames           Chrm/Fire      #.........   100%        7    #######


Dungeon Overview and Level Annotations

Branches:
Dungeon (12/15)            Temple (1/1) D:6            Lair (0/6) D:9
    Orc (0/2) D:9

Altars:
Ashenzari
Dithmenos
Elyvilon
Fedhas
Gozag
Hepliaklqana
Kikubaaqudgha
Makhleb
Nemelex Xobeh
Okawaru
Qazlal
Ru
Sif Muna
Trog
Uskayaw
Vehumet
Wu Jian
Xom
Yredelemnul
Zin
The Shining One
Beogh

Shops:
D:7 =   D:11 *

Annotations:
D:9 Maurice
D:10 exclusion: cyclops
D:11 exclusion: centaur warrior, Harold


Innate Abilities, Weirdness & Mutations

You are small and have problems with some larger weapons.
You are somewhat resistant to further mutation.


Message History

* * * LOW HITPOINT WARNING * * *
There is a stone staircase leading down here.
You climb downwards.
An adder, a hippogriff, a cyclops and a wraith come into view.
The cyclops shouts!
The hippogriff screeches!
You hear a shout!
You hear a screech!
You hear a loud, deep croak!
A hippogriff comes into view.
The hippogriff misses you. The hippogriff barely misses you.
The hippogriff claws you.
* * * LOW HITPOINT WARNING * * *
The wraith moves out of view.
Found a ring mail.
There is a stone staircase leading up here.
The hippogriff closely misses you. The hippogriff misses you.
The hippogriff closely misses you.
You climb upwards.
Level annotation: exclusion: centaur warrior, Harold
There is a stone staircase leading down here.
The cyclops throws a large rock.
The large rock hits you!
You die...

.##. #..............#..##
.... #..#.<))...........#
....###.....))......##.###
.....##...÷..).##..##..#
......#..)...#####.....#
..........[...##...#..##
.........###...H......###
.........# #.##.>.......#
........###...##@.......##
##...........###..#..((..#
#........#......####C...#
#.........#......(.†(.[.##
##......#....#.#####).###
##......#... #.#(.(#..# #
.. ..'.∩('..# (
#..#..(#..# ( #..#####..#


You could see a cyclops (poisoned) and a hippogriff.

Vanquished Creatures
  2 two-headed ogres
  2 ugly things
  2 cyclopes
  A manticore (D:11)
  Joseph (D:8)
  Psyche (D:10)
  A spiny frog (shapeshifter) (D:10)
  A queen bee (D:10)
  3 hippogriffs
  Sigmund (D:2)
  11 yaks
  A basilisk (D:11)
  A wraith (D:11)
  A hungry ghost (D:8)
  Edmund (D:4)
  A water moccasin (D:10)
  2 ice beasts
  3 black bears
  2 porcupines (D:9)
  6 orc warriors
  3 sky beasts
  3 phantoms
  3 ogres
  A crocodile (D:9)
  2 centaurs
  2 big kobolds
  A gnoll sergeant (D:7)
  8 bullfrogs
  2 scorpions
  A water moccasin skeleton (D:6)
  19 killer bees
  A crimson imp (D:10)
  A quasit (D:7)
  A centaur skeleton (D:4)
  4 hounds
  6 orc priests
  A bullfrog skeleton (D:5)
  An iguana (D:5)
  7 orc wizards
  9 worker ants
  A hound skeleton (D:4)
  A worker ant zombie (D:6)
  Robin (D:2)
  16 gnolls
  2 howler monkey skeletons (D:5)
  8 adders
  3 shadow imps
  3 oozes
  2 adder skeletons
  An adder zombie (D:7)
  2 worms (D:2)
  4 dart slugs
  3 leopard geckos
  49 orcs
  4 ball pythons
  7 giant cockroaches
  16 goblins
  8 hobgoblins
  3 jackals (D:6)
  6 quokkas
  7 bats
  5 frilled lizards
  A jackal skeleton (D:2)
  A jackal zombie (D:2)
  17 kobolds
  A leopard gecko skeleton (D:2)
  3 quokka skeletons
  6 rats
301 creatures vanquished.

Vanquished Creatures (others)
  2 fungi (D:9)
  A plant (D:9)
  A withered plant (D:2)
4 creatures vanquished.

Grand Total: 305 creatures vanquished

Notes
Turn   | Place    | Note
-------+----------+-------------------------------------------
     0 | D:1      | Apogee the Halfling Hunter began the quest for the Orb.
     0 | D:1      | Reached XP level 1. HP: 14/14 MP: 1/1
   119 | D:1      | Reached skill level 6 in Slings
   239 | D:1      | Reached XP level 2. HP: 19/19 MP: 2/2
   640 | D:1      | Reached XP level 3. HP: 15/24 MP: 3/3
  1334 | D:2      | Reached skill level 7 in Slings
  1633 | D:2      | Reached XP level 4. HP: 10/29 MP: 4/4
  1943 | D:2      | Noticed Sigmund
  1953 | D:2      | Killed Sigmund
  1953 | D:2      | Reached skill level 9 in Slings
  1953 | D:2      | Reached XP level 5. HP: 34/34 MP: 5/5
  1953 | D:2      | Reached XP level 6. HP: 39/39 MP: 6/6
  1981 | D:2      | Noticed Robin
  2490 | D:2      | Killed Robin
  2490 | D:2      | Reached skill level 10 in Slings
  3439 | D:3      | Reached XP level 7. HP: 39/44 MP: 7/7
  3578 | D:3      | Reached skill level 11 in Slings
  4609 | D:4      | Reached skill level 12 in Slings
  4609 | D:4      | Reached skill level 1 in Short Blades
  4631 | D:4      | Noticed Edmund
  4707 | D:4      | Killed Edmund
  4707 | D:4      | Reached XP level 8. HP: 52/52 MP: 8/8
  4898 | D:5      | Entered Level 5 of the Dungeon
  5029 | D:5      | Found a sacrificial altar of Ru.
  5374 | D:5      | Found an opulent altar of Gozag.
  5794 | D:5      | Found a shattered altar of Ashenzari.
  5860 | D:6      | Reached skill level 5 in Fighting
  6022 | D:5      | Reached skill level 1 in Armour
  6285 | D:6      | Reached XP level 9. HP: 48/62 MP: 9/9
  6415 | D:6      | Found a bloodstained altar of Trog.
  6444 | D:6      | Got a bloodstained dagger
  6445 | D:6      | Identified the +6 dagger "Gyosh" {elec, *Noise rF+ Int-4
                  | Dex+8} (You found it on level 6 of the Dungeon)
  6529 | D:6      | Found a staircase to the Ecumenical Temple.
  6577 | Temple   | Entered the Ecumenical Temple
  6750 | Temple   | Became a worshipper of Warmaster Okawaru
  6865 | D:6      | You fall into a shaft and drop 1 floor!
  7538 | D:7      | Found Toats's Jewellery Emporium.
  7559 | D:7      | Reached skill level 5 in Armour
  7801 | D:7      | Found a basalt altar of Yredelemnul.
  8486 | D:8      | Reached skill level 5 in Dodging
  8516 | D:8      | Reached * piety under Okawaru
  8627 | D:8      | Noticed Joseph
  8641 | D:8      | Killed Joseph
  8781 | D:8      | Found a hazy altar of Hepliaklqana.
  8838 | D:8      | Reached XP level 10. HP: 68/68 MP: 10/12
  9390 | D:9      | Reached ** piety under Okawaru
  9819 | D:9      | Found a shimmering blue altar of Sif Muna.
  9820 | D:9      | Found a shimmering altar of Xom.
  9820 | D:9      | Noticed Maurice
  9852 | D:9      | Found a staircase to the Orcish Mines.
 10394 | D:9      | Found a staircase to the Lair.
 10524 | D:8      | Reached *** piety under Okawaru
 10669 | D:9      | Found a roughly hewn altar of Beogh.
 10816 | D:9      | Found a blossoming altar of Fedhas.
 10925 | D:10     | Entered Level 10 of the Dungeon
 11034 | D:10     | Reached XP level 11. HP: 53/77 MP: 14/14
 11295 | D:10     | Got a translucent long sword
 11297 | D:10     | Noticed a cyclops
 11403 | D:10     | Noticed Psyche
 11428 | D:10     | Killed Psyche
 11428 | D:10     | Reached **** piety under Okawaru
 11464 | D:10     | Noticed a two-headed ogre
 11548 | D:10     | Killed a two-headed ogre
 11791 | D:10     | Killed a cyclops
 12435 | D:9      | Received a gift from Okawaru
 12694 | D:11     | Noticed a brown ugly thing
 12763 | D:11     | Noticed Harold
 12915 | D:11     | Noticed a centaur warrior
 12927 | D:11     | Noticed a brown ugly thing
 13046 | D:10     | Noticed a salamander
 13046 | D:10     | a queen bee changed into a salamander
 13054 | D:10     | Killed a green ugly thing
 13055 | D:10     | a salamander changed into a spiny frog
 13461 | D:11     | Noticed a two-headed ogre
 13471 | D:11     | Killed a two-headed ogre
 13471 | D:11     | Reached ***** piety under Okawaru
 13477 | D:11     | Noticed a manticore
 13482 | D:11     | Noticed a cyclops
 13522 | D:11     | Killed a cyclops
 13522 | D:11     | Reached skill level 10 in Fighting
 13522 | D:11     | Reached XP level 12. HP: 47/87 MP: 9/15
 13934 | D:11     | Identified the +9 long sword of the Baking Gnat {vorpal,
                  | rElec} (You found it on level 10 of the Dungeon)
 14014 | D:11     | Found Ziggiome's Pet Rocks.
 14086 | D:11     | Hit by a large rock thrown by a cyclops

Illustrated notes

Levels and vault maps discovered:
D:1:      psy_arrival_whirlpool, layout_basic, minmay_pentomino_q4
D:2:      layout_loops_cross, serial_undead, serial_undead_a, serial_undead_b,
          serial_undead_f, serial_undead_c, uniq_sigmund, uniq_robin
D:3:      layout_loops_ring, first_ration, kennysheep_big_empty_room
D:4:      layout_cave_pools, uniq_edmund
D:5:      layout_basic, marbit_many_paths, grunt_gozag_breadcrumbs,
          lemuel_doored_altar
D:6:      layout_basic, bloody_trog, minmay_temple_entry_wispy
D:7:      layout_loops_ring, overflow_temple_1_default, serial_shops, shop
D:8:      layout_gridville, kennysheep_mini_moat, due_unseen_surprise,
          uniq_joseph
D:9:      layout_rooms, fedhas_altar_4, nicolae_overflow_hidden_temple,
          grunt_lair_entry_orc_guard_hut, minmay_orc_entry_temple_small,
          uniq_maurice
D:10:     layout_irregular_city, david_nohive_1, uniq_psyche
D:11:     layout_cave_pools, chequers_mini_garden, guppyfry_shop_earth,
          uniq_harold
D:12:     minmay_the_grid_square_5x5_5x5_mashed
          [minmay_the_grid_square_5x5_gyroscope,
          minmay_the_grid_square_5x5_minimal, minmay_the_grid_square_5x5_empty,
          minmay_the_grid_square_5x5_bracketed,
          minmay_the_grid_square_5x5_fancy_junction,
          minmay_the_grid_square_5x5_slash,
          minmay_the_grid_square_5x5_prize_gold,
          minmay_the_grid_square_5x5_checkered,
          minmay_the_grid_square_5x5_prize_monsterx,
          minmay_the_grid_square_5x5_mess, minmay_the_grid_square_5x5_seven,
          minmay_the_grid_square_5x5_inner_v,
          minmay_the_grid_square_5x5_prize_junk,
          minmay_the_grid_square_5x5_plus,
          minmay_the_grid_square_5x5_half_checkered,
          minmay_the_grid_square_5x5_inverted_slash,
          minmay_the_grid_square_5x5_prize_waves,
          minmay_the_grid_square_5x5_six,
          minmay_the_grid_square_5x5_prize_itemx,
          minmay_the_grid_square_5x5_tetrominoes, minmay_the_grid_square_5x5_c,
          minmay_the_grid_square_5x5_three_small,
          minmay_the_grid_square_5x5_eight_small,
          minmay_the_grid_square_5x5_shrine2, minmay_the_grid_square_5x5_lines],
          layout_basic, special_room [special_room_orc], grunt_ministairs_15,
          uniq_frances, uniq_jorgrun
Temple:   nicolae_temple_figure_eight

Skill      XL: |  1  2  3  4  5  6  7  8  9 10 11 |
---------------+----------------------------------+-----
Slings         | 6 7 9 10 12 | 12.0
Stealth        | 2 4 |  4.0
Fighting       | 3 6 7 10 | 10.0
Short Blades   | 2 |  2.0
Armour         | 1 6 7 9 |  9.6
Dodging        | 6 7 9 |  9.6
Invocations    | 3 4 |  4.0

Action                   |  1- 3 |  4- 6 |  7- 9 | 10-12 || total
-------------------------+-------+-------+-------+-------++-------
Melee: Short sword       |   120 |   253 |   287 |       ||   660
       Unarmed           |       |     4 |       |       ||     4
       Dagger            |       |       |   181 |   469 ||   650
       Punch             |       |       |       |     1 ||     1
 Fire: Hunting sling     |     1 |     9 |    47 |   190 ||   247
Throw: Dart              |     2 |     4 |    29 |    72 ||   107
       Throwing net      |       |       |       |     1 ||     1
Invok: Heroism           |       |       |       |     1 ||     1
       Finesse           |       |       |       |     1 ||     1
Evoke: Wand              |       |     1 |       |     2 ||     3
  Use: Scroll            |       |     7 |     4 |     7 ||    18
       Potion            |       |     2 |     4 |     5 ||    11
 Stab: Distracted        |       |       |       |     2 ||     2
       Invisible         |       |       |       |     3 ||     3
       Sleeping          |       |       |       |     1 ||     1
  Eat: Chunk             |     2 |     7 |    18 |    13 ||    40
       Ration            |       |       |       |     1 ||     1
Armor: Chain mail        |    11 |       |       |       ||    11
       Leather armour    |     3 |       |       |       ||     3
       Ring mail         |     8 |       |       |       ||     8
       Scale mail        |    28 |   142 |   232 |   159 ||   561
       Skin              |       |     3 |       |       ||     3
Dodge: Dodged            |    81 |   223 |   328 |   442 ||  1074

Table legend:
 A = Non-vault XP
 B = Vault XP
 C = Vault XP percentage of total XP
 D = Non-vault monster count
 E = Vault monster count
 F = Vault count percentage of total count
                 A         B        C        D         E       F
            +---------+---------+-------+---------+---------+-------
      Total |   13442 |    3960 |  22.8 |     249 |      52 |  17.3
            +---------+---------+-------+---------+---------+-------
        D:1 |      35 |       2 |   5.4 |      18 |       1 |   5.3
        D:2 |      69 |     257 |  78.8 |      24 |      13 |  35.1
        D:3 |     270 |       0 |   0.0 |      38 |       0 |   0.0
        D:4 |     333 |     173 |  34.2 |      16 |       1 |   5.9
        D:5 |     469 |       0 |   0.0 |      12 |       0 |   0.0
        D:6 |     825 |       0 |   0.0 |      19 |       0 |   0.0
        D:7 |     545 |       0 |   0.0 |      20 |       0 |   0.0
        D:8 |    1312 |     434 |  24.9 |      20 |       1 |   4.8
        D:9 |    1234 |    1404 |  53.2 |      18 |      20 |  52.6
       D:10 |    3664 |    1460 |  28.5 |      30 |      14 |  31.8
       D:11 |    4686 |     196 |   4.0 |      34 |       1 |   2.9
       D:12 |       0 |      34 | 100.0 |       0 |       1 | 100.0
            +---------+---------+-------+---------+---------+-------
